 Dungeon Crawl Stone Soup version 0.31-a0-152-g6aa68a64a1 (webtiles) character file.

Game seed: 8325011359957133220

1239 avis the Chiller (level 8, -6/67 HPs)
             Began as a Demigod Ice Elementalist on June 10, 2023.
             Mangled by a two-headed ogre
             ... wielding a +0 giant club
              (13 damage)
             ... on level 6 of the Dungeon.
             The game lasted 00:32:01 (6740 turns).

avis the Chiller (Demigod Ice Elementalist)         Turns: 6740, Time: 00:32:01

Health: -6/67      AC:  9    Str: 14    XL:     8   Next: 4%
Magic:  6/15       EV: 15    Int: 21    God:
Gold:   253        SH:  0    Dex: 21    Spells: 4/13 levels left

rFire   . . .        a - +0 dagger (elec)
rCold   x . .        (no shield)
rNeg    + . .        q - +1 robe of the Furies {rC- Str+5 Dex+3}
rPois   .            (no helmet)
rElec   .            (no cloak)
rCorr   .            (no gloves)
SInv    .            (no boots)
Will    +....        (no amulet)
Stlth   +++          r - ring of positive energy
HPRegen 0.31/turn    t - ring of willpower
MPRegen 0.14/turn

%: no passive effects
@: ice-armoured, freezing walls
A: high MP 1, forlorn, divine attributes
a: no special abilities


You were on level 6 of the Dungeon.
You visited 1 branch of the dungeon, and saw 6 of its levels.

You collected 253 gold pieces.

Inventory:

Hand Weapons
 a - a +0 dagger of electrocution (weapon)
 b - a +0 orcbow
 e - a +0 whip
Missiles
 u - 4 poisoned darts
Armour
 q - the +1 robe of the Furies (worn) {rC- Str+5 Dex+3}
   (You found it on level 3 of the Dungeon)

   Str:       It affects your strength (+5).
   Dex:       It affects your dexterity (+3).
   rC:        It makes you vulnerable to cold.
 x - a +2 robe
Jewellery
 r - a ring of positive energy (left hand)
 t - a ring of willpower (right hand)
Wands
 w - a wand of flame (12)
Scrolls
 d - 2 scrolls of noise {unknown}
 f - a scroll of enchant armour {unknown}
 h - a scroll of blinking {unknown}
 j - 2 scrolls of fear {unknown}
 k - 7 scrolls of identify {unknown}
 m - 5 scrolls of immolation {unknown}
 n - 2 scrolls of teleportation {unknown}
 o - 3 scrolls of vulnerability {unknown}
 s - a scroll of enchant weapon {unknown}
Potions
 c - a potion of degeneration {unknown}
 g - a potion of might {unknown}
 i - a potion of invisibility {unknown}
 l - a potion of brilliance {unknown}
 p - a potion of magic
 v - a potion of resistance {unknown}


   Skills:
 * Level 4.5 Fighting
 - Level 2.0 Ranged Weapons
 * Level 4.4 Dodging
 * Level 4.7 Stealth
 - Level 3.0 Spellcasting
 + Level 1.0 Conjurations
 - Level 5.0 Ice Magic


You had 4 spell levels left.
You knew the following spells:

 Your Spells              Type           Power      Damage    Failure   Level
a - Freeze                Ice            96%        1d10      1%          1
c - Searing Ray           Conj           14%        2d5       13%         2
o - Ozocubu's Armour      Ice            24%        N/A       4%          3
r - Frozen Ramparts       Ice            48%        1d8       4%          3

Your spell library contained the following spells:

 Spells                   Type           Power      Damage    Failure   Level
 Magic Dart               Conj           28%        1d4       9%          1
 Apportation              Tloc           6%         N/A       13%         1
 Necrotise                Necr           12%        1d4       13%         1
 Summon Small Mammal      Summ           12%        N/A       13%         1
 Call Canine Familiar     Summ           3%         N/A       36%         3
 Portal Projectile        Hex/Tloc       6%         N/A       36%         3
 Vampiric Draining        Necr           3%         2d6       36%         3
 Summon Ice Beast         Ice/Summ       13%        N/A       43%         4
 Fulminant Prism          Conj/Hex       2%         3d5       71%         4
 Leda's Liquefaction      Hex/Erth       1%         N/A       78%         4
 Agony                    Necr           3%         N/A       98%         5


Dungeon Overview and Level Annotations

Branches:
Dungeon (6/15)
 Temple: D:4-7


Innate Abilities, Weirdness & Mutations

You have an increased reservoir of magic. (+10% MP)
You shall have no god before yourself.
Your divine heritage dramatically boosts your attributes as you level up.


Message History

Casting: Frozen Ramparts (dangerous; 4% risk of failure)
Press: ? - help, Dir - look around, f - activate A stone staircase leading up.
The walls around you are covered in ice.
The wall freezes the two-headed ogre.
Casting: Frozen Ramparts (dangerous; 4% risk of failure)
Confirm with . or Enter, or press ? or * to list all spells.
A film of ice covers your body!
The wall freezes the two-headed ogre.
You hit the two-headed ogre.
The two-headed ogre is lightly wounded.
The wall freezes the two-headed ogre.
The two-headed ogre hits you with a +0 giant club!
The two-headed ogre barely misses you.
You hit the two-headed ogre.
The two-headed ogre is moderately wounded.
You barely miss the two-headed ogre.
The two-headed ogre is moderately wounded.
The wall freezes the two-headed ogre.
The two-headed ogre hits you with a +0 giant club!!
The two-headed ogre hits you with a +0 giant spiked club!
You barely miss the two-headed ogre.
The two-headed ogre is moderately wounded.
The wall freezes the two-headed ogre.
The two-headed ogre hits you with a +0 giant club!!
* * * LOW HITPOINT WARNING * * *
The two-headed ogre barely misses you.
You hit the two-headed ogre.
The two-headed ogre is heavily wounded.
Your magical contamination has completely faded away.
Okay, then.
Casting: Ozocubu's Armour (dangerous; 4% risk of failure)
Confirm with . or Enter, or press ? or * to list all spells.
Aiming: Freeze (safe; 1% risk of failure)
Press: ? - help, Shift-Dir - straight line, f - two-headed ogre
Aim: a two-headed ogre, wielding a +0 giant club and a +0 giant spiked club (heavily wounded)
You freeze the two-headed ogre!
The two-headed ogre is heavily wounded.
The wall freezes the two-headed ogre.
The two-headed ogre hits you with a +0 giant club!
You die...

# .# #### ##.#
.... ...
####..##.#.#...
.......@O......
......##.......
####. ..+####
#.......# #..
..# #.......# .
..# #........ .
.## #.......#.#
.# #.......#.#
.# .........#


You could see a two-headed ogre.

Vanquished Creatures
  Sigmund (D:2)
  A water moccasin (D:4)
  An ice beast (D:5)
  A black bear (D:4)
  An ogre (D:5)
  A bullfrog (D:4)
  Blork the orc (D:5)
  2 scorpions
  A howler monkey (D:5)
  A hound (D:5)
  4 jellies
  A sleepcap (D:4)
  3 iguanas
  5 gnolls
  7 adders
  2 orcs
  3 ball pythons
  5 endoplasms
  3 giant cockroaches
  2 goblins
  4 hobgoblins
  6 jackals
  3 kobolds
  4 quokkas
  5 bats
  7 frilled lizards
  6 rats
81 creatures vanquished.

Notes
Turn   | Place    | Note
-------+----------+-------------------------------------------
     0 | D:1      | avis the Demigod Ice Elementalist began the quest for the
                  | Orb.
     0 | D:1      | Reached XP level 1. HP: 14/14 MP: 5/5
    86 | D:1      | Reached skill level 4 in Ice Magic
    86 | D:1      | Reached XP level 2. HP: 9/20 MP: 0/7
   297 | D:1      | Reached skill level 1 in Fighting
  1117 | D:2      | Reached XP level 3. HP: 28/28 MP: 7/9
  1139 | D:2      | Learned a level 3 spell: Frozen Ramparts
  1172 | D:2      | Noticed Sigmund
  1246 | D:2      | Learned a level 3 spell: Ozocubu's Armour
  1251 | D:2      | Killed Sigmund
  1252 | D:2      | Reached XP level 4. HP: 19/38 MP: 1/11
  1252 | D:2      | Reached XP level 5. HP: 22/45 MP: 1/12
  3210 | D:3      | Identified the +1 robe of the Furies {rC- Str+5 Dex+3}
  3524 | D:4      | Reached skill level 5 in Ice Magic
  3524 | D:4      | Reached XP level 6. HP: 48/51 MP: 6/13
  4016 | D:4      | Reached skill level 1 in Ranged Weapons
  4196 | D:4      | Noticed a water moccasin
  4207 | D:4      | Killed a water moccasin
  4208 | D:4      | Reached XP level 7. HP: 57/57 MP: 10/14
  4737 | D:5      | Entered Level 5 of the Dungeon
  5963 | D:5      | Learned a level 2 spell: Searing Ray
  6556 | D:5      | Noticed Blork the orc
  6568 | D:5      | Killed Blork the orc
  6569 | D:5      | Reached XP level 8. HP: 45/67 MP: 10/15
  6665 | D:6      | Reached skill level 1 in Conjurations
  6731 | D:6      | Noticed a two-headed ogre
  6740 | D:6      | Mangled by a two-headed ogre

Illustrated notes

Levels and vault maps discovered:
D:1:      dpeg_arrival_tiny_g, layout_loops_ring,
          shapermc_ecumenical_altar_mp_urbaneastern
D:2:      layout_loops_corners, serial_aquarium, aquarium_bridge_straight
          [aquarium_subvault_bridge, aquarium_subvault_wall,
          aquarium_subvault_bridge, aquarium_subvault_balcony],
          aquarium_bridge_long_joined [aquarium_subvault_window,
          aquarium_subvault_wall, aquarium_subvault_bridge,
          aquarium_subvault_window, aquarium_subvault_bridge,
          aquarium_subvault_wall], aquarium_window_fake, aquarium_window_1,
          aquarium_window_1, aquarium_view_2f, aquarium_view_2d,
          minmay_misc_feat_room, uniq_sigmund
D:3:      layout_loops_corners, tso_metal_star, bloody_makhleb,
          marbit_many_paths, nicolae_dithmenos_shadow_blocks
D:4:      layout_gridville
D:5:      layout_rooms, kennysheep_generic_room_13, uniq_blork_the_orc
D:6:      layout_basic, mainiacjoe_overflow_24_doors,
          mainiacjoe_overflow_divided_tiny, kennysheep_generic_room_14

Skill      XL: |  1  2  3  4  5  6  7  8 |
---------------+-------------------------+-----
Spellcasting   | 2 3 |  3.0
Ice Magic      | 4 5 |  5.0
Fighting       | 1 3 4 |  4.5
Dodging        | 2 3 4 |  4.4
Stealth        | 2 3 4 |  4.7
Ranged Weapons | 2 |  2.0
Conjurations   | 1 |  1.0

Action                     |  1- 3 |  4- 6 |  7- 9 || total
---------------------------+-------+-------+-------++-------
  Melee: Dagger            |     5 |     6 |    28 ||    39
   Fire: Orcbow            |       |    55 |    54 ||   109
   Cast: Freeze            |    33 |    24 |     2 ||    59
         Frozen Ramparts   |     2 |     8 |    14 ||    24
         Ozocubu's Armour  |     1 |     4 |     6 ||    11
   Stab: Sleeping          |     3 |     2 |       ||     5
 Armour: Robe              |     4 |    11 |    13 ||    28
  Dodge: Dodged            |    11 |    27 |    30 ||    68

Table legend: (Time is in decaauts)
 A = Elapsed time spent in this place.
 B = Non-inter-level travel time spent in this place.
 C = Inter-level travel time spent in this place.
 D = Time resting spent in this place.
 E = Time spent auto-exploring this place.
 F = Levels seen in this place.
 G = Mean time per level.
                   A        B        C        D        E       F      G
               +--------+--------+--------+--------+--------+-----+--------+
         Total |   6779 |   6204 |    575 |   1508 |   3749 |   6 | 1129.8 |
       Dungeon |   6779 |   6204 |    575 |   1508 |   3749 |   6 | 1129.8 |
               +--------+--------+--------+--------+--------+-----+--------+

Top non-repeatable levels by time:
     D:4: 2123 daAuts
     D:3: 1269 daAuts
     D:2: 1171 daAuts
     D:5: 1153 daAuts
     D:1: 1040 daAuts
     D:6: 21 daAuts
